 Dungeon Crawl Stone Soup version 0.30-a0-862-g1aabd4f9c5 (webtiles) character file.

Game seed: 10438362014949629082

109 Maxmaps the Ducker (level 4, -2/41 HPs)
             Began as a Gnoll Monk on Mar 9, 2023.
             Slain by a gnoll
             ... wielding a +0 flail
              (12 damage)
             ... on level 3 of the Dungeon.
             The game lasted 00:02:12 (1655 turns).

Maxmaps the Ducker (Gnoll Monk)                     Turns: 1655, Time: 00:02:13

Health: -2/41      AC:  3    Str: 11    XL:     4   Next: 90%
Magic:  5/6        EV: 15    Int: 11    God:
Gold:   93         SH:  0    Dex: 14    Spells: 5/5 levels left

rFire   . . .      SeeInvis .    h - +2 rapier (drain)
rCold   . . .      Faith    .    (no shield)
rNeg    . . .      Spirit   .    b - +0 robe
rPois   .          Reflect  .    d - +0 helmet
rElec   .          Rampage  .    l - scarf {+Inv}
rCorr   .                        (no gloves)
Will    .....                    (no boots)
Stlth   +++                      (no amulet)
HPRegen 0.26/turn                (no ring)
MPRegen 0.10/turn                (no ring)

@: no status effects
A: fangs 1, strong nose, distributed training
a: Evoke Invisibility


You were on level 3 of the Dungeon.
You visited 1 branch of the dungeon, and saw 3 of its levels.

You collected 93 gold pieces.

Inventory:

Hand Weapons
 a - a +0 falchion
 h - a +2 rapier of draining (weapon)
 k - a +1 whip of venom
Armour
 b - a +0 robe (worn)
 d - a +0 helmet (worn)
 l - a scarf of invisibility (worn)
Scrolls
 f - a scroll of butterflies {unknown}
 g - 3 scrolls of brand weapon {unknown}
 i - 4 scrolls of identify {unknown}
 n - a scroll of enchant weapon {unknown}
 r - a scroll of enchant armour {unknown}
 s - a scroll of magic mapping {unknown}
 t - a scroll of fear {unknown}
Potions
 c - 2 potions of ambrosia
 e - a potion of flight {unknown}
 j - a potion of might {unknown}
 m - a potion of magic {unknown}
 o - a potion of haste {unknown}
 p - a potion of brilliance {unknown}
 q - 2 potions of curing {unknown}


   Skills:
 + Level 6.6 Fighting
 + Level 1.3 Short Blades
 + Level 6.6 Long Blades
 + Level 1.3 Axes
 + Level 1.3 Maces & Flails
 + Level 1.3 Polearms
 + Level 1.3 Staves
 + Level 1.3 Ranged Weapons
 + Level 1.3 Throwing
 + Level 1.3 Armour
 + Level 6.6 Dodging
 + Level 4.3 Stealth
 + Level 1.3 Shields
 + Level 1.3 Unarmed Combat
 + Level 1.3 Spellcasting
 + Level 1.1 Conjurations
 + Level 1.1 Hexes
 + Level 1.1 Summonings
 + Level 1.1 Necromancy
 + Level 1.1 Translocations
 + Level 1.1 Transmutations
 + Level 1.1 Fire Magic
 + Level 1.1 Ice Magic
 + Level 1.1 Air Magic
 + Level 1.1 Earth Magic
 + Level 1.1 Poison Magic
 + Level 1.5 Invocations
 + Level 1.3 Evocations


You had 5 spell levels left.
You didn't know any spells.
Your spell library was empty.

Dungeon Overview and Level Annotations

Branches:
Dungeon (3/15)

Altars:


Innate Abilities, Weirdness & Mutations

You have very sharp teeth.
Your uncanny sense of smell can sniff out nearby items.
Your experience applies equally to all skills.


Message History

Robin is moderately wounded.
Robin barely misses you. The gnoll hits you with a +0 club.
You hit Robin. You drain Robin.
Robin is severely wounded.
Robin hits you with a +0 mace.
The gnoll hits you from afar with a +0 spear!
The gnoll hits you with a +0 club.
You are too injured to fight recklessly!
You are too injured to fight recklessly!
You are too injured to fight recklessly!
You are too injured to fight recklessly!
You are too injured to fight recklessly!
You are too injured to fight recklessly!
You are too injured to fight recklessly!
You are too injured to fight recklessly!
You are too injured to fight recklessly!
You are too injured to fight recklessly!
You are too injured to fight recklessly!
You are too injured to fight recklessly!
You are too injured to fight recklessly!
You are too injured to fight recklessly!
You are too injured to fight recklessly!
You are too injured to fight recklessly!
You are too injured to fight recklessly!
You are too injured to fight recklessly!
You are too injured to fight recklessly!
Unknown command.
You puncture Robin!
You kill Robin!
The gnoll hits you with a +0 club.
The gnoll hits you from afar with a +0 spear.
* * * LOW HITPOINT WARNING * * *
The gnoll misses you. The gnoll hits you but does no damage.
The gnoll attacks as you move away! The gnoll barely misses you.
The gnoll throws a stone.
The stone barely misses you. The gnoll barely misses you.
The gnoll attacks as you move away! The gnoll closely misses you.
The gnoll attacks as you move away! The gnoll barely misses you.
The gnoll attacks as you move away! The gnoll hits you with a +0 flail!
You die...

..........#### #...........)#
.............###.##....)....#
.###.#............######)##..#
..##..†..###..##...#####))# .#
#.(...##.......#.#........#
.#...........#...#######..#
.............<.....#####...#
..#..........<...............
................@g.............
.#..........######.########....#
............ ##.g...#........
............ #.g............#
.......)... #..)......>.
.#......... ...............
###........∆...............
##.............#...........
#..........#..............


You could see 2 gnolls.

Vanquished Creatures
  Robin (D:3)
  3 adders
  A worm (D:3)
  A dart slug (D:1)
  5 orcs (D:3)
  5 ball pythons
  4 endoplasms
  A giant cockroach (D:1)
  9 goblins
  12 hobgoblins
  2 quokkas
  5 bats
  A frilled lizard (D:1)
  5 kobolds
  2 rats
57 creatures vanquished.

Vanquished Creatures (others)
  9 plants (D:1)
9 creatures vanquished.

Grand Total: 66 creatures vanquished

Notes
Turn   | Place    | Note
-------+----------+-------------------------------------------
     0 | D:1      | Maxmaps the Gnoll Monk began the quest for the Orb.
     0 | D:1      | Reached XP level 1. HP: 23/23 MP: 1/1
   114 | D:1      | Reached XP level 2. HP: 19/29 MP: 2/2
   612 | D:1      | Found a faded altar of an unknown god.
   882 | D:2      | Reached XP level 3. HP: 32/35 MP: 3/3
   986 | D:2      | Reached skill level 1 in Invocations
  1135 | D:2      | Reached skill level 1 in Short Blades
  1135 | D:2      | Reached skill level 1 in Axes
  1135 | D:2      | Reached skill level 1 in Maces & Flails
  1135 | D:2      | Reached skill level 1 in Polearms
  1135 | D:2      | Reached skill level 1 in Staves
  1135 | D:2      | Reached skill level 1 in Ranged Weapons
  1135 | D:2      | Reached skill level 1 in Throwing
  1135 | D:2      | Reached skill level 1 in Armour
  1135 | D:2      | Reached skill level 1 in Shields
  1135 | D:2      | Reached skill level 1 in Unarmed Combat
  1135 | D:2      | Reached skill level 1 in Spellcasting
  1135 | D:2      | Reached skill level 1 in Evocations
  1380 | D:3      | Noticed Robin
  1397 | D:3      | Reached XP level 4. HP: 32/41 MP: 5/5
  1571 | D:3      | Reached skill level 1 in Conjurations
  1571 | D:3      | Reached skill level 1 in Hexes
  1571 | D:3      | Reached skill level 1 in Summonings
  1571 | D:3      | Reached skill level 1 in Necromancy
  1571 | D:3      | Reached skill level 1 in Translocations
  1571 | D:3      | Reached skill level 1 in Transmutations
  1571 | D:3      | Reached skill level 1 in Fire Magic
  1571 | D:3      | Reached skill level 1 in Ice Magic
  1571 | D:3      | Reached skill level 1 in Air Magic
  1571 | D:3      | Reached skill level 1 in Earth Magic
  1571 | D:3      | Reached skill level 1 in Poison Magic
  1650 | D:3      | Killed Robin
  1655 | D:3      | Slain by a gnoll

Illustrated notes

Levels and vault maps discovered:
D:1:      dpeg_arrival_rooms_b, layout_rooms,
          hellmonk_ecumenical_altar_leap_of_faith, serial_forest,
          infiniplex_forest_split, infiniplex_forest_clump_C,
          infiniplex_forest_straight_2, infiniplex_forest_end_double,
          infiniplex_forest_end_2, infiniplex_forest_lined_2,
          infiniplex_forest_clump_double, minmay_strange_pillars,
          minmay_crystal_room
D:2:      layout_basic, minmay_misc_feat_roman
D:3:      layout_rooms, uniq_robin

Skill      XL: |  1  2  3  4 |
---------------+-------------+-----
Invocations    | 1 |  1.5
Short Blades   | 1 |  1.3
Axes           | 1 |  1.3
Maces & Flails | 1 |  1.3
Polearms       | 1 |  1.3
Staves         | 1 |  1.3
Ranged Weapons | 1 |  1.3
Throwing       | 1 |  1.3
Armour         | 1 |  1.3
Shields        | 1 |  1.3
Unarmed Combat | 1 |  1.3
Spellcasting   | 1 |  1.3
Evocations     | 1 |  1.3
Conjurations   | 1 |  1.1
Hexes          | 1 |  1.1
Summonings     | 1 |  1.1
Necromancy     | 1 |  1.1
Translocations | 1 |  1.1
Transmutations | 1 |  1.1
Fire Magic     | 1 |  1.1
Ice Magic      | 1 |  1.1
Air Magic      | 1 |  1.1
Earth Magic    | 1 |  1.1
Poison Magic   | 1 |  1.1
Fighting       | |  6.6
Long Blades    | |  6.6
Dodging        | |  6.6
Stealth        | |  4.3

Action                     |  1- 3 |  4- 6 || total
---------------------------+-------+-------++-------
  Melee: Falchion          |    22 |       ||    22
         Bite              |    17 |     3 ||    20
         Rapier            |    52 |    40 ||    92
         Whip              |    43 |       ||    43
         Punch             |       |     1 ||     1
   Stab: Sleeping          |     2 |       ||     2
 Armour: Robe              |    14 |    10 ||    24
  Dodge: Dodged            |    95 |    35 ||   130

Table legend: (Time is in decaauts)
 A = Elapsed time spent in this place.
 B = Non-inter-level travel time spent in this place.
 C = Inter-level travel time spent in this place.
 D = Time resting spent in this place.
 E = Time spent auto-exploring this place.
 F = Levels seen in this place.
 G = Mean time per level.
                   A        B        C        D        E       F      G
               +--------+--------+--------+--------+--------+-----+--------+
         Total |   1669 |   1638 |     31 |      0 |   1201 |   3 |  556.3 |
       Dungeon |   1669 |   1638 |     31 |      0 |   1201 |   3 |  556.3 |
               +--------+--------+--------+--------+--------+-----+--------+

Top non-repeatable levels by time:
     D:1: 853 daAuts
     D:2: 496 daAuts
     D:3: 319 daAuts
